 Dungeon Crawl Stone Soup version 0.30-a0-956-gcec3b41aec (webtiles) character file.

Game seed: 4530087145202543343

1479 jimonade the Cleaver (level 8, -7/70 HPs)
             Began as a Hill Orc Fighter on Mar 30, 2023.
             Was a Follower of Beogh.
             Succumbed to a gnoll sergeant's poison
             ... on level 5 of the Dungeon.
             The game lasted 00:09:01 (4935 turns).

jimonade the Cleaver (Hill Orc Fighter)             Turns: 4935, Time: 00:09:01

Health: -7/70      AC: 10    Str: 19    XL:     8   Next: 79%
Magic:  12/12      EV:  7    Int: 10    God:    Beogh [*.....]
Gold:   304        SH:  5    Dex: 10    Spells: 7/7 levels left

rFire   + . .      SeeInvis .    a - +1 war axe
rCold   . . .      Faith    .    c - +1 buckler
rNeg    . . .      Spirit   .    o - +0 chain mail
rPois   .          Reflect  .    (no helmet)
rElec   .          Rampage  .    (no cloak)
rCorr   .                        (no gloves)
Will    .....                    (no boots) Stlth
                                 (no amulet)
HPRegen 0.31/turn                F - ring of protection from fire
MPRegen 0.13/turn                (no ring)

@: lethally poisoned (-7 -> -41)
A: no striking features
a: Renounce Religion


You were on level 5 of the Dungeon.
You worshipped Beogh.
Beogh was aware of your devotion.
You visited 1 branch of the dungeon, and saw 5 of its levels.

You collected 304 gold pieces.

Inventory:

Hand Weapons
 a - a +1 war axe (weapon)
 h - a +0 hand axe
 i - a +0 lajatang
 y - a +0 spear
 A - a +0 quarterstaff
 B - a +0 spear
 C - a +0 shortbow
 H - a +2 whip of freezing
Missiles
 w - a poisoned dart (quivered)
 E - an atropa-tipped dart
Armour
 b - a +0 scale mail
 c - a +1 buckler (worn)
 g - a +0 leather armour
 o - a +0 chain mail (worn)
Jewellery
 F - a ring of protection from fire (left hand)
Scrolls
 e - a scroll of fear {unknown}
 f - 3 scrolls of teleportation
 k - a scroll of enchant weapon
 l - a scroll of immolation
 n - a scroll of amnesia {unknown}
 s - a scroll of enchant armour
 u - a scroll of noise {unknown}
 z - a scroll of vulnerability {unknown}
Potions
 d - a potion of might
 j - 2 potions of curing {unknown}
 m - a potion of berserk rage {unknown}
 p - a potion of lignification {unknown}
 q - 4 potions of heal wounds
 r - 2 potions of brilliance {unknown}
 t - a potion of magic {unknown}
 v - a potion of mutation {unknown}
 x - a potion of haste {unknown}
 D - a potion of flight {unknown}
 G - a potion of attraction {unknown}


   Skills:
 + Level 5.8 Fighting
 + Level 8.7 Axes
 + Level 1.0 Throwing
 + Level 6.5 Armour
 + Level 4.1 Shields
 * Level 6.1 Invocations


You had 7 spell levels left.
You didn't know any spells.
Your spell library contained the following spells:

 Spells                   Type           Power      Damage    Failure   Level
 Summon Small Mammal      Summ           0%         N/A       99%         1
 Call Canine Familiar     Summ           0%         N/A       100%        3
 Inner Flame              Hex/Fire       0%         N/A       100%        3
 Summon Guardian Golem    Hex/Summ       0%         N/A       100%        3
 Cause Fear               Hex            0%         N/A       100%        4
 Discord                  Hex            0%         N/A       100%        8


Dungeon Overview and Level Annotations

Branches:
Dungeon (5/15)             Temple (0/1) D:4

Altars:

Shops:
D:1 =

Annotations:
D:2 1 runed translucent door, Crazy Yiuf
D:3 1 runed translucent door, Scrimshaw's ghost, amateur OpTm


Message History

You feel very sick.
The gnoll sergeant hits you from afar with a +4 trident of venom!
You are more poisoned.
You block the gnoll's attack.
You slash the gnoll!
You kill the gnoll!
Beogh accepts your kill.
You feel very sick.
A gnoll comes into view. It is wielding a +0 club.
You block the gnoll sergeant's attack.
You feel very sick.
The gnoll shouts!
You block the gnoll sergeant's attack.
You see here a +0 whip.
You closely miss the gnoll sergeant.
You feel very sick. You block the gnoll sergeant's attack.
You slash the gnoll sergeant!
The gnoll sergeant is heavily wounded.
You feel sick.
The gnoll sergeant hits you with a +4 trident of venom.
You are more poisoned.
You hit the gnoll sergeant.
The gnoll sergeant is heavily wounded.
You feel very sick.
The gnoll sergeant hits you with a +4 trident of venom!
You are lethally poisoned!
The gnoll sergeant hits you with a +4 trident of venom.
* * * LOW HITPOINT WARNING * * *
You are more poisoned.
You hit the gnoll sergeant.
The gnoll sergeant is severely wounded.
* * * LOW HITPOINT WARNING * * *
You feel extremely sick.
The gnoll sergeant hits you with a +4 trident of venom!
* * * LOW HITPOINT WARNING * * *
You slash the gnoll sergeant!
You kill the gnoll sergeant!
Beogh accepts your kill.
You die...

#........# #..#
#.######## #..# #.# #..#
#[# #..# #.#
#..######### #.#
#..#........ #.#
###..#.#######
#.#########......#...g.g
#.....)@)g..###..#g#####
###########.# #..#.#
#.###..#.#####
#.g.g.g.......
####.##...#...
#.....##### ####...#
#......# #.......


You could see a gnoll.

Vanquished Creatures
  Pikel (D:5)
  A water moccasin (D:5)
  An ogre (D:5)
  A centaur (D:5)
  2 phantoms (D:5)
  2 lemures (D:5)
  2 gnoll sergeants
  A scorpion (D:5)
  A howler monkey (D:5)
  A crimson imp (D:4)
  2 hounds
  An iguana (D:4)
  2 sleepcaps
  Natasha (D:3)
  12 gnolls
  5 adders
  A white imp (D:4)
  2 dart slugs
  An orc (D:4)
  3 bats
  5 endoplasms
  7 giant cockroaches
  10 goblins
  8 hobgoblins
  3 jackals (D:3)
  A quokka (D:2)
  7 ball pythons
  2 frilled lizards
  10 kobolds
  7 rats
103 creatures vanquished.

Vanquished Creatures (others)
  A plant (D:1)
1 creature vanquished.

Grand Total: 104 creatures vanquished

Notes
Turn   | Place    | Note
-------+----------+-------------------------------------------
     0 | D:1      | jimonade the Hill Orc Fighter began the quest for the Orb.
     0 | D:1      | Reached XP level 1. HP: 19/19 MP: 1/1
   203 | D:1      | Found Guhankotym's Jewellery Shoppe.
   226 | D:1      | Reached XP level 2. HP: 25/27 MP: 2/2
   295 | D:1      | Reached skill level 1 in Invocations
   445 | D:1      | Found a faded altar of an unknown god.
   474 | D:1      | Reached skill level 3 in Axes
   707 | D:1      | Reached XP level 3. HP: 33/33 MP: 3/3
  1071 | D:2      | Found a runed translucent door.
  1072 | D:2      | Noticed Crazy Yiuf
  1540 | D:3      | Reached skill level 4 in Axes
  1540 | D:3      | Reached XP level 4. HP: 21/40 MP: 5/5
  1839 | D:3      | Noticed Natasha
  1848 | D:3      | Killed Natasha
  1849 | D:3      | Reached XP level 5. HP: 18/47 MP: 6/6
  1970 | D:3      | Found a runed translucent door.
  1977 | D:3      | Noticed Scrimshaw's ghost (amateur OpTm)
  2083 | D:3      | Became a worshipper of Beogh the Brigand
  2559 | D:4      | Reached skill level 5 in Axes
  2763 | D:4      | Reached XP level 6. HP: 33/53 MP: 8/8
  3227 | D:4      | Reached * piety under Beogh
  3315 | D:4      | Found a staircase to the Ecumenical Temple.
  3877 | D:5      | Entered Level 5 of the Dungeon
  3927 | D:5      | Noticed a water moccasin
  3940 | D:5      | Killed a water moccasin
  3941 | D:5      | Reached skill level 6 in Axes
  3941 | D:5      | Reached skill level 5 in Armour
  3941 | D:5      | Reached XP level 7. HP: 10/60 MP: 8/10
  3947 | D:5      | HP: 3/60 [poisoned by a water moccasin]
  4225 | D:5      | Reached skill level 5 in Fighting
  4296 | D:5      | Noticed Pikel
  4637 | D:5      | Reached skill level 7 in Axes
  4637 | D:5      | Reached XP level 8. HP: 56/68 MP: 11/11
  4693 | D:5      | Killed Pikel
  4694 | D:5      | Reached skill level 8 in Axes
  4694 | D:5      | Reached skill level 5 in Invocations
  4860 | D:5      | Reached skill level 1 in Throwing
  4934 | D:5      | HP: 1/70 [gnoll sergeant/+4 trident of venom (9)]
  4935 | D:5      | Succumbed to a gnoll sergeant's poison

Illustrated notes

Levels and vault maps discovered:
D:1:      dpeg_arrival_solitude, layout_basic, dreamdust_ecumenical_altar_grove,
          serial_shops, nicolae_shop_hallway_plus, serial_bayou_lagoon_b
D:2:      layout_basic, minmay_worlds_worst_comb, uniq_crazy_yiuf_cottage
D:3:      layout_basic, ebering_ghost_reflecting_pool, uniq_natasha
D:4:      layout_loops_ring, temple_doors_e, serial_rivers,
          chequers_serial_rivers_micro_d, chequers_serial_rivers_room_b,
          chequers_serial_rivers_small_3, chequers_serial_rivers_micro_b,
          chequers_serial_rivers_small_b, chequers_serial_rivers_micro_b,
          minmay_fire_ice_demons
D:5:      layout_loops_ring, nicolae_half_adder, uniq_pikel

Skill      XL: |  1  2  3  4  5  6  7  8 |
---------------+-------------------------+-----
Invocations    | 1 2 3 4 6 |  6.1
Axes           | 3 4 5 6 7 8 |  8.7
Fighting       | 4 5 |  5.8
Armour         | 4 5 6 |  6.5
Shields        | 4 |  4.1
Throwing       | 1 |  1.0

Action                     |  1- 3 |  4- 6 |  7- 9 || total
---------------------------+-------+-------+-------++-------
  Melee: War axe           |   120 |   153 |    99 ||   372
  Throw: Throwing net      |       |     1 |     1 ||     2
         Dart              |       |       |     8 ||     8
 Invoke: Convert to Beogh  |       |     1 |       ||     1
    Use: Scroll            |       |     5 |       ||     5
 Armour: Scale mail        |    28 |       |       ||    28
         Chain mail        |    29 |    77 |    52 ||   158
  Dodge: Dodged            |    53 |    47 |    23 ||   123
  Block: Buckler           |    27 |    23 |    18 ||    68

Table legend: (Time is in decaauts)
 A = Elapsed time spent in this place.
 B = Non-inter-level travel time spent in this place.
 C = Inter-level travel time spent in this place.
 D = Time resting spent in this place.
 E = Time spent auto-exploring this place.
 F = Levels seen in this place.
 G = Mean time per level.
                   A        B        C        D        E       F      G
               +--------+--------+--------+--------+--------+-----+--------+
         Total |   5070 |   4846 |    224 |    536 |   2847 |   5 | 1014.0 |
       Dungeon |   5070 |   4846 |    224 |    536 |   2847 |   5 | 1014.0 |
               +--------+--------+--------+--------+--------+-----+--------+

Top non-repeatable levels by time:
     D:4: 1480 daAuts
     D:3: 1265 daAuts
     D:5: 898 daAuts
     D:1: 865 daAuts
     D:2: 560 daAuts
